 Dungeon Crawl Stone Soup version 0.25.1-2-g60ff931 (webtiles) character file.

Game seed: 17066904810847120311

656403 Balder the Hoplite (level 27, -22/259 HPs)
             Began as a Hill Orc Fighter on July 13, 2020.
             Was the Champion of the Shining One.
             Annihilated by an Orb Guardian (36 damage)
             ... on level 5 of the Realm of Zot on Sept 1, 2020.
             The game lasted 10:26:19 (88933 turns).

Balder the Hoplite (Hill Orc Fighter)              Turns: 88933, Time: 10:26:20

Health: -22/259    AC:  0    Str: 25    XL:     27
Magic:  37/37      EV: 34    Int:  8    God:    the Shining One [******]
Gold:   7948       SH:  5    Dex: 20    Spells: 26/26 levels left

rFire    . . .     SeeInvis .   (weapon currently unavailable)
rCold    . . .     Gourm    .   (shield currently unavailable)
rNeg     + + +     Faith    .   (armour currently unavailable)
rPois    .         Spirit   .   (helmet currently unavailable)
rElec    .         Reflect  +   (cloak currently unavailable)
rCorr    .         Harm     .   (gloves currently unavailable)
MR       ++...     Rnd*Tele +   (boots currently unavailable)
Stlth    +.........             h - amulet of reflection
HPRegen  0.53/turn              (ring currently unavailable)
MPRegen  0.25/turn              (ring currently unavailable)

@: about to teleport, bat-form, flying, glowing, very quick
A: tiny, clumsy 1, deterioration 1, mutation resistance 1, teleportitis 1
}: 3/15 runes: barnacled, silver, gossamer
a: Divine Shield, Cleansing Flame, Summon Divine Warrior, Renounce Religion


You were on level 5 of the Realm of Zot.
You worshipped the Shining One.
The Shining One was exalted by your worship.
You were not hungry.
You were in bat-form.
You visited 13 branches of the dungeon, and saw 55 of its levels.
You visited the Abyss 2 times.
You visited 1 bazaar.
You also visited: Ice Cave.

You collected 11045 gold pieces.
You spent 3097 gold pieces at shops.

Inventory:

Hand Weapons
 a - the +6 broad axe of Iruda (melded) {elec, Dex+2}
   (You found it on level 3 of the Vaults)

   Occasionally, upon striking a foe, it will discharge some electrical energy
   and cause terrible harm.
   It affects your dexterity (+2).
 b - the +3 sling "Punk" {acid, rCorr}
   (You found it on level 3 of the Crypt)

   It provides partial protection from all sources of acid and corrosion.
 v - the +5 hand axe "ETAOIN SHRDLU" {vorpal, rPois rC+ rN+ MR+}
   (Okawaru gifted it to you on level 1 of the Elven Halls)

   It inflicts extra damage upon your enemies.
   It protects you from cold.
   It protects you from poison.
   It protects you from negative energy.
   It affects your resistance to hostile enchantments.
 w - a +2 vorpal eveningstar
 y - the +5 spear of Attainder {protect, rC+ Str+3 Int+2}
   (You found it on level 3 of the Elven Halls)

   It grants its wielder temporary protection when it strikes (+7 to AC).
   It affects your strength (+3).
   It affects your intelligence (+2).
   It protects you from cold.
 G - a +8 trishula of holy wrath
Missiles
 m - 243 stones
 x - 69 boomerangs (quivered)
Armour
 c - a +3 kite shield of positive energy (melded)
 p - a +2 cloak of preservation
 r - the +0 hat of Agoraphobia {rC++ Str+6}
   (Okawaru gifted it to you on level 2 of the Elven Halls)

   It affects your strength (+6).
   It greatly protects you from cold.
 s - a scarf of invisibility
 u - a scarf of resistance
 z - a +2 cloak of magic resistance (melded)
 F - +1 pearl dragon scales
 M - a +2 kite shield of protection
 P - the +2 pair of gloves of Bizihal (melded) {Regen+}
   (You bought it in a shop on level 3 of the Vaults)

   It increases your rate of regeneration.
 Q - a +2 pair of boots of flying (melded)
 R - quicksilver dragon scales
 T - a +0 tower shield of cold resistance
 V - +8 gold dragon scales (melded)
 Y - the +2 helmet of the Chupacabra (melded) {Regen+ rCorr}
   (Okawaru gifted it to you on level 13 of the Dungeon)

   It increases your rate of regeneration.
   It provides partial protection from all sources of acid and corrosion.
Jewellery
 h - an amulet of reflection (around neck)
 k - the ring of Phasing (melded) {EV+8}
   (You bought it in a shop on level 6 of the Dungeon)

   [ring of evasion]

   It affects your evasion (+8).
 l - an uncursed ring of protection from magic
 I - a +4 ring of slaying (melded)
 Z - the ring of the Ageless Olives {+Blink Stlth+}
   (You found it on level 3 of the Depths)

   [ring of stealth]

   It lets you blink.
   It makes you more stealthy.
Wands
 d - a wand of disintegration (36)
 q - a wand of flame (140)
 t - a wand of polymorph (24)
 C - a wand of digging (6)
 K - a wand of iceblast (27)
 S - a wand of acid (19)
Scrolls
 e - a scroll of magic mapping
 g - a scroll of enchant weapon
 n - 28 scrolls of remove curse
 o - 13 scrolls of teleportation
 B - 2 scrolls of holy word
 D - a scroll of summoning
 E - 22 scrolls of identify
 N - 4 scrolls of blinking
 X - 6 scrolls of fear
Potions
 i - 4 potions of heal wounds
 J - a potion of ambrosia
 L - 9 potions of might
 O - 3 potions of resistance
 U - 2 potions of berserk rage
 W - 6 potions of curing
Miscellaneous
 j - 5 phantom mirrors
 A - a lightning rod (4/4)
 H - a phial of floods
Comestibles
 f - 26 rations


   Skills:
 * Level 23.4 Fighting
   Level 0.7 Short Blades
 * Level 23.5(25.0) Axes
 + Level 5.7(14.8) Maces & Flails
 * Level 12.9(18.1) Polearms
 + Level 2.4(11.3) Slings
 * Level 16.4 Throwing
 * Level 18.1 Armour
 * Level 14.2 Dodging
 + Level 24.4 Shields
 * Level 20.0 Invocations
 + Level 6.9 Evocations


You had 26 spell levels left.
You didn't know any spells.
Your spell library contained the following spells:

 Spells                   Type           Power        Failure   Level  Hunger
 Animate Skeleton         Necr           N/A          41%         1    ##.....
 Apportation              Tloc           #.....       41%         1    ##.....
 Beastly Appendage        Tmut           #.....       41%         1    ##.....
 Corona                   Hex            #......      41%         1    ##.....
 Foxfire                  Conj/Fire      #...         41%         1    ##.....
 Infusion                 Chrm           #...         41%         1    ##.....
 Magic Dart               Conj           #...         41%         1    ##.....
 Pain                     Necr           #...         41%         1    ##.....
 Shock                    Conj/Air       #...         41%         1    ##.....
 Sting                    Tmut/Pois      #...         41%         1    ##.....
 Call Imp                 Summ           #.......     54%         2    ###....
 Corpse Rot               Necr/Air       N/A          54%         2    ###....
 Ensorcelled Hibernation  Hex/Ice        #.....       54%         2    ###....
 Poisonous Vapours        Pois/Air       #.....       54%         2    ###....
 Searing Ray              Conj           #.....       54%         2    ###....
 Shroud of Golubria       Chrm/Tloc      #.....       54%         2    ###....
 Song of Slaying          Chrm           #.......     54%         2    ###....
 Sticks to Snakes         Tmut           #.......     54%         2    ###....
 Sublimation of Blood     Necr           #.........   54%         2    ###....
 Swiftness                Chrm/Air       #.......     54%         2    ###....
 Confusing Touch          Hex            #.......     78%         3    ####...
 Conjure Flame            Conj/Fire      #.......     78%         3    ####...
 Dazzling Flash           Conj/Hex       #.....       78%         3    ####...
 Gell's Gravitas          Tloc           #.........   78%         3    ####...
 Ignite Poison            Fire/Tmut/Pois #.......     78%         3    ####...
 Inner Flame              Hex/Fire       #.......     78%         3    ####...
 Mephitic Cloud           Conj/Pois/Air  #.......     78%         3    ####...
 Ozocubu's Armour         Chrm/Ice       #.......     78%         3    ####...
 Recall                   Summ/Tloc      N/A          78%         3    ####...
 Spectral Weapon          Hex/Chrm       #.......     78%         3    ####...
 Spider Form              Tmut/Pois      #.........   78%         3    ####...
 Static Discharge         Conj/Air       #.......     78%         3    ####...
 Stone Arrow              Conj/Erth      #.....       78%         3    ####...
 Tukima's Dance           Hex            #.......     78%         3    ####...
 Vampiric Draining        Necr           #.........   78%         3    ####...
 Airstrike                Air            #.........   99%         4    #####..
 Animate Dead             Necr           N/A          99%         4    #####..
 Cause Fear               Hex            #.........   99%         4    #####..
 Dispel Undead            Necr           #.......     99%         4    #####..
 Fulminant Prism          Conj/Hex       #.........   99%         4    #####..
 Ice Form                 Ice/Tmut       #.......     99%         4    #####..
 Iskenderun's Mystic Bla  Conj/Tloc      #.......     99%         4    #####..
 Olgreb's Toxic Radiance  Pois           #.......     99%         4    #####..
 Petrify                  Tmut/Erth      #.......     99%         4    #####..
 Sticky Flame             Conj/Fire      #.......     99%         4    #####..
 Agony                    Necr           #.......     100%        5    ######.
 Alistair's Intoxication  Tmut/Pois      #.......     100%        5    ######.
 Blade Hands              Tmut           #.........   100%        5    ######.
 Bolt of Magma            Conj/Fire/Erth #.........   100%        5    ######.
 Borgnjor's Vile Clutch   Necr/Erth      #.........   100%        5    ######.
 Excruciating Wounds      Chrm/Necr      #.........   100%        5    ######.
 Fireball                 Conj/Fire      #.........   100%        5    ######.
 Irradiate                Conj/Tmut      #.........   100%        5    ######.
 Iskenderun's Battlesphe  Conj/Chrm      #.......     100%        5    ######.
 Lightning Bolt           Conj/Air       #.........   100%        5    ######.
 Metabolic Englaciation   Hex/Ice        #.........   100%        5    ######.
 Silence                  Hex/Air        #.........   100%        5    ######.
 Summon Demon             Summ           #.........   100%        5    ######.
 Summon Forest            Summ/Tloc      #.........   100%        5    ######.
 Yara's Violent Unravell  Hex/Tmut       #.........   100%        5    ######.
 Death Channel            Necr           #.........   100%        6    #######
 Freezing Cloud           Conj/Ice/Air   #.........   100%        6    #######
 Hydra Form               Tmut           #.........   100%        6    #######
 Iron Shot                Conj/Erth      #.........   100%        6    #######
 Simulacrum               Ice/Necr       #.........   100%        6    #######
 Starburst                Conj/Fire      #.........   100%        6    #######
 Statue Form              Tmut/Erth      #........    100%        6    #######
 Dragon Form              Tmut           #.........   100%        7    #######
 Malign Gateway           Summ/Tloc      #.........   100%        7    #######
 Monstrous Menagerie      Summ           #.........   100%        7    #######
 Orb of Destruction       Conj           #.........   100%        7    #######
 Ring of Flames           Chrm/Fire      #.........   100%        7    #######
 Spellforged Servitor     Conj/Summ      #.........   100%        7    #######
 Summon Greater Demon     Summ           #.........   100%        7    #######
 Borgnjor's Revivificati  Necr           #.........   100%        8    #######
 Discord                  Hex            #.........   100%        8    #######
 Disjunction              Tloc           #.........   100%        8    #######
 Ignition                 Fire           #.........   100%        8    #######
 Summon Horrible Things   Summ           #.........   100%        8    #######
 Tornado                  Air            #.........   100%        9    #######


Dungeon Overview and Level Annotations

Branches:
Dungeon (15/15)            Temple (1/1) D:6            Lair (6/6) D:8
 Shoals (4/4) Lair:4       Spider (4/4) Lair:3        Slime (0/5) Lair:5
    Orc (2/2) D:12            Elf (3/3) Orc:2        Vaults (5/5) D:14
  Crypt (3/3) Vaults:3       Tomb (0/3) Crypt:3      Depths (5/5) D:15
   Hell (visited)             Dis (1/7) Hell            Geh (0/7) Hell
    Coc (0/7) Hell            Tar (0/7) Hell            Zot (5/5) Depths:5
  IceCv (visited)

Altars:
Ashenzari
Cheibriados
Dithmenos
Elyvilon
Fedhas
Gozag
Hepliaklqana
Kikubaaqudgha
Makhleb
Nemelex Xobeh
Okawaru
Qazlal
Ru
Sif Muna
Trog
Uskayaw
Vehumet
Wu Jian
Xom
Yredelemnul
Zin
The Shining One
Beogh
Jiyva
Lugonu

Shops:
D:6 =   D:8 =   D:9 ?[!   D:14 [   Orc:2 :=(*   Elf:3 *   Vaults:2 (}
Vaults:3 ([?[   Depths:4 [**

Portals:
Hell: Depths:1 Depths:2 Depths:3 Depths:4 Depths:5*
Abyss: Depths:2 Depths:4
Pandemonium: Depths:3
Ziggurat: Depths:1
Trove: D:11 (give 15 potions of curing)

Annotations:
Lair:2 exclusion: oklob plant
Lair:5 1 runed translucent door
Zot:2 3 runed translucent doors, Byngij's ghost, master GrFi; Giutenur's ghost, legendary VSMo; Icycared's ghost, master GrFi; runemage's ghost, legendary GnFi


Innate Abilities, Weirdness & Mutations

You are clumsy. (Dex -2)
((Your flesh is cold resistant. (rC+)))
Your body sometimes deteriorates upon taking damage.
You are somewhat resistant to further mutation.
You are occasionally teleported next to monsters.


Message History

The +2 pair of gloves of Bizihal {Regen+} melds into your body.
Your +2 pair of boots of flying melds into your body.
Your +3 kite shield of positive energy melds into your body.
Your +8 gold dragon scales melds into your body.
Your +4 ring of slaying melds into your body.
The ring of Phasing {EV+8} melds into your body.
The +6 broad axe of Iruda {elec, Dex+2} stops crackling.
You feel less resistant to hostile enchantments.
You float gracefully downwards.
You feel less protected from negative energy.
The shard shrike claws you! The shard shrike freezes you!!
You shred the net and break free! The shard shrike claws you!
The shard shrike freezes you!! The Orb Guardian hits you!!!
* * * LOW HITPOINT WARNING * * *
The Orb Guardian hits you!
* * * LOW HITPOINT WARNING * * *
The electric golem blinks!
An ancient lich comes into view.
The Orb Guardian hits you!!!
You die...

,,,,***,,,.......^........,,,^,*
,,,,,**,,...^.............,,,,**
,,,,,,*,,............^....,,,**
,,,,,,,,,.....D...8.......,,**
,^,,,,*,,.....§...........,,,**
,,,,,**,,...........^.....,,,,**
,^,,***^,......D.p........,,,,,*
***** *,,.....Xp*Xb.y.....,,,,,*
**,.....X.bXDD......,,,,**
**▓......XX........,,,**
▓▓▓▓.........}...,,**
****▓▓▓▓▓▓▓▓##^L..,**
***,,,,,,,,,,,,,.X..,,**
**,,,,**,,,,,,,,,,...,,,**
******,,,***,,,,,,,,,,,,^,,,,,**
,,,,,,,,***,,,,,,,,,,,,,,,,,,,,*
,,,,,,,** *,,,,,,,,,,,,,,,,,,,,*


You could see an orb of fire, 2 Killer Klowns, an electric golem, a shadow
dragon, 2 tentacled monstrosities, 2 golden dragons, an ancient lich, a storm
dragon, a shard shrike, 5 Orb Guardians and a moth of wrath.

Vanquished Creatures
  2 ancient liches
  An orb of fire (Zot:2)
  Frederick (Vaults:2)
  Bai Suzhen (Vaults:4)
  The ghost of Enimeaba the Hoplite, a veteran FoFi of Nemelex Xobeh (Depths:1)
  Saint Roka (Vaults:4)
  A curse toe (Zot:4)
  Xtahua (Crypt:1)
  Margery (Vaults:2)
  Geryon (Hell)
  Nikola (Shoals:1)
  5 golden dragons
  Arachne (Spider:3)
  A profane servitor (Abyss:4)
  3 bone dragons (Abyss:1)
  8 liches
  Jorgrun (Elf:1)
  15 tentacled monstrosities
  A Tzitzimitl (Depths:3)
  2 Hell Sentinels
  9 deep elf blademasters
  An Ice Fiend (IceCv)
  7 quicksilver dragons
  3 deep elf master archers (Elf:3)
  6 titans
  Frances (Shoals:1)
  4 tentacled starspawn (Abyss:1)
  4 sphinxes
  4 ancient champions
  An Executioner (Abyss:1)
  10 death cobs
  Kirke (Spider:3)
  4 tengu reavers
  9 shadow dragons
  15 storm dragons
  2 revenants (Crypt:2)
  Donald (Vaults:3)
  11 fire giants
  8 ghost moths
  7 frost giants
  3 draconian monks
  6 deep elf sorcerers
  7 emperor scorpions
  5 draconian knights
  19 vault wardens
  3 orc warlords
  A cacodemon (Hell)
  A balrug (Hell)
  11 draconian scorchers
  4 draconian shifters
  18 ironheart preservers
  5 curse skulls
  2 angels (Vaults:3)
  Aizul (Shoals:1)
  A draconian stormcaller (Zot:1)
  A deep elf elementalist (Elf:1)
  9 reapers
  7 draconian annihilators
  3 ghouls (Crypt:2)
  A spriggan defender (Depths:3)
  12 very ugly things
  3 war gargoyles
  11 entropy weavers
  17 stone giants
  8 green draconians
  9 vampire knights
  A lorocyproca (Depths:1)
  7 purple draconians
  8 red draconians
  13 black draconians
  11 deep elf annihilators
  Azrael (Orc:2)
  8 deep elf demonologists
  9 yellow draconians
  8 spark wasps
  3 minotaurs
  10 white draconians
  A blizzard demon (Abyss:1)
  A mummy priest (Crypt:3)
  14 eidola
  12 ettins
  10 merfolk impalers
  5 jiangshi
  11 merfolk javelineers
  A green death (Abyss:1)
  4 deep elf high priests
  A crystal guardian (Vaults:2)
  18 yaktaur captains
  16 deep elf death magi
  8 fire dragons
  Josephine (Lair:5)
  6 hydras
  2 naga warriors
  4 rakshasas
  14 ice dragons
  10 great orbs of eyes
  31 vault guards
  A catoblepas (D:13)
  3 spriggan air magi
  2 merfolk avatars
  4 quicksilver dragon skeletons
  7 deep troll shamans
  A hell beast (Depths:1)
  2 alligator snapping turtles
  A death yak (Lair:5)
  16 centaur warriors
  48 two-headed ogres
  4 death knights
  10 merfolk aquamancers
  17 ogre magi
  14 deep troll earth magi
  A two-headed ogre (shapeshifter) (Vaults:5)
  A queen ant (Lair:2)
  3 satyrs
  22 dancing weapons
  5 tengu warriors
  7 vampire magi
  2 thrashing horrors
  5 orc high priests
  2 titan zombies
  2 spriggan berserkers
  Urug (D:10)
  A spriggan (Depths:2)
  Nergalle (Lair:4)
  4 titan skeletons
  30 deep elf knights
  Sonja (Lair:3)
  A sixfirhy (Abyss:1)
  An iron golem (Hell)
  A storm dragon skeleton (Crypt:3)
  9 sun demons
  8 soul eaters
  3 hell knights (Vaults:2)
  5 wretched stars (Abyss:1)
  29 skeletal warriors
  6 shadow wraiths
  4 anaconda zombies
  2 iron trolls (Depths:5)
  An iron troll (shapeshifter) (Depths:5)
  24 deep trolls
  2 spatial maelstroms (Abyss:1)
  A salamander mystic (Depths:5)
  4 unseen horrors
  7 glowing orange brains
  4 shadow demons
  14 sea snakes
  A quicksilver dragon simulacrum (Crypt:2)
  12 phantasmal warriors
  A ghost moth zombie (Crypt:3)
  3 flayed ghosts
  2 anaconda skeletons
  6 starcursed masses (Abyss:1)
  21 deep elf archers
  Pikel (D:8)
  27 harpies
  28 necromancers
  A shadow dragon zombie (Crypt:3)
  13 ironbrand convokers
  10 wizards
  16 orc knights
  A lindwurm (Lair:5)
  A golden dragon skeleton (Crypt:3)
  A shadow dragon skeleton (Vaults:5)
  3 wolf spider zombies
  An iron dragon zombie (Crypt:3)
  2 sphinx zombies
  21 wolf spiders
  5 stone giant zombies
  8 orc sorcerers
  15 orb spiders
  67 deep elf magi
  14 fauns
  A tengu skeleton (Depths:3)
  A cyclops (shapeshifter) (Abyss:4)
  4 salamanders (Depths:5)
  5 frost giant zombies
  31 ugly things
  3 fire giant zombies
  A frost giant skeleton (Vaults:2)
  12 manticores
  An iron dragon skeleton (Crypt:3)
  2 worldbinders
  5 black mambas
  26 moths of wrath
  6 merfolk sirens
  Maurice (D:11)
  6 cyclopes
  2 guardian serpents (shapeshifter)
  A black mamba (shapeshifter) (Depths:5)
  7 elephants
  An ice statue (IceCv)
  18 vault sentinels
  6 water nymphs
  10 rust devils
  2 titan simulacra
  2 guardian serpents (Depths:4)
  3 naga magi
  4 orange demons
  A molten gargoyle (Hell)
  7 torpor snails
  26 spiny frogs
  A shock serpent skeleton (Crypt:1)
  6 smoke demons
  A death yak zombie (Crypt:1)
  A gargoyle (D:15)
  5 hellions
  16 small abominations
  A komodo dragon (shapeshifter) (Depths:4)
  A black draconian zombie (Crypt:2)
  2 rime drakes (Lair:5)
  An efreet (D:15)
  54 yaktaurs
  5 spectral swamp worms (Depths:2)
  A ghost moth simulacrum (Crypt:2)
  2 elf skeletons
  7 komodo dragons
  5 red devils
  5 tormentors
  8 ice devils
  15 freezing wraiths
  2 guardian mummies (Crypt:3)
  39 merfolk
  A red draconian skeleton (Crypt:1)
  11 demonic crawlers
  A golden dragon simulacrum (IceCv)
  An emperor scorpion zombie (Crypt:3)
  4 ancient zymes
  13 hellwings (Crypt:3)
  A jumping spider (shapeshifter) (Depths:3)
  3 wind drakes
  13 trolls
  A troll (shapeshifter) (Vaults:5)
  4 anaconda simulacra
  A hydra zombie (Hell)
  6 tengu conjurers
  A hydra skeleton (Hell)
  44 jumping spiders
  4 tyrant leeches (Lair:6)
  A blink frog (shapeshifter) (Vaults:2)
  23 blink frogs
  2 ettin zombies
  A queen bee (shapeshifter) (Vaults:1)
  3 raiju (Abyss:1)
  A harpy skeleton (Crypt:3)
  2 ice dragon zombies
  7 hornets
  3 wind drakes (shapeshifter)
  22 slime creatures
  11 hippogriffs
  A bog body (Crypt:2)
  2 fire dragon zombies
  A raiju (shapeshifter) (Vaults:3)
  16 large abominations
  An alligator zombie (Dis:1)
  Prince Ribbit (D:8)
  A hippogriff (shapeshifter) (Vaults:3)
  13 snapping turtles
  A frost giant simulacrum (Depths:1)
  An alligator skeleton (Hell)
  2 fire giant simulacra (Vaults:4)
  A stone giant simulacrum (Vaults:3)
  A black mamba zombie (Crypt:3)
  6 flying skulls
  89 redbacks
  39 yaks
  2 ettin skeletons
  14 shadows
  A spriggan (shapeshifter) (D:14)
  17 water elementals
  4 air elementals
  An ice dragon skeleton (Crypt:1)
  4 ynoxinuls
  12 fire elementals
  36 tarantellas
  14 wraiths
  4 wyverns
  3 dire elephant simulacra (IceCv)
  A tyrant leech zombie (Crypt:1)
  An ushabti (Crypt:3)
  A fire bat (shapeshifter) (Depths:1)
  4 hogs
  A yak (shapeshifter) (D:15)
  4 fire bats (Abyss:1)
  2 steam dragons (D:12)
  A basilisk (shapeshifter) (Vaults:3)
  A human (D:9)
  3 chaos spawn
  A basilisk (Lair:5)
  3 nagas
  6 hungry ghosts
  9 vampire mosquitoes
  2 human simulacra
  2 neqoxecs
  A torturous demonspawn zombie (Crypt:2)
  6 spatial vortices (Abyss:1)
  A warg (shapeshifter) (Depths:1)
  3 iron troll simulacra (IceCv)
  9 wargs
  5 harpy simulacra (IceCv)
  A naga (shapeshifter) (Abyss:4)
  5 soldier ants
  11 hell hounds
  2 soldier ants (shapeshifter)
  4 hydra simulacra
  A spiny frog zombie (Hell)
  17 water moccasins
  6 porcupines
  A deep troll skeleton (Vaults:5)
  An infernal demonspawn skeleton (Crypt:3)
  5 ice beasts
  66 orc warriors
  A sky beast (D:7)
  2 alligator simulacra
  A snapping turtle zombie (Crypt:3)
  An ettin simulacrum (Vaults:5)
  2 eyes of draining (D:14)
  46 ogres
  3 phantoms
  10 boggarts
  10 wolves
  25 centaurs
  An elf simulacrum (Depths:3)
  10 crocodiles
  2 big kobolds
  2 human zombies
  28 bullfrogs
  2 elf zombies (Elf:1)
  A wyvern zombie (D:13)
  8 earth elementals
  A deep troll simulacrum (Vaults:5)
  A yaktaur skeleton (Crypt:2)
  A glowing shapeshifter simulacrum (Vaults:2)
  3 scorpions
  10 wyvern skeletons
  A yak zombie (Crypt:1)
  11 killer bees
  A spriggan skeleton (Crypt:3)
  2 electric eels
  A howler monkey (D:4)
  13 crimson imps
  A lava snake (Elf:3)
  5 centaur zombies
  A draconian simulacrum (IceCv)
  8 quasits
  4 jellies
  4 centaur skeletons
  30 orc priests
  A soldier ant zombie (Crypt:1)
  4 hounds
  2 bullfrog skeletons
  8 iron imps
  Natasha (thrice) (D:4)
  12 hell rats
  A human skeleton (Crypt:3)
  7 iguanas
  32 orc wizards
  25 worker ants
  A troll simulacrum (IceCv)
  A spriggan simulacrum (IceCv)
  2 polar bear simulacra (IceCv)
  2 killer bee zombies
  3 centaur simulacra
  A naga zombie (Crypt:1)
  2 mummies (Dis:1)
  2 worker ant zombies
  4 gnolls (D:4)
  2 ogre simulacra (IceCv)
  12 adders
  5 naga simulacra (IceCv)
  7 river rats
  A swamp drake zombie (Crypt:1)
  3 shadow imps
  11 white imps
  8 ufetubi
  2 oozes (D:2)
  A halfling zombie (Crypt:1)
  An adder skeleton (D:6)
  2 worms
  4 dart slugs
  5 leopard geckos
  168 orcs
  6 giant cockroaches
  9 goblins
  12 hobgoblins
  14 jackals
  3 quokkas
  9 bats
  4 frilled lizards
  A jackal zombie (Crypt:2)
  18 kobolds
  A kobold skeleton (Crypt:1)
  A leopard gecko skeleton (D:8)
  A leopard gecko zombie (D:6)
  2 quokka skeletons (D:4)
  26 rats
  12 crawling corpses
  A fire vortex (Depths:1)
  7 fungi
  8 plants
  4 starspawn tentacles
  7 withered plants (Crypt:3)
2976 creatures vanquished.

Vanquished Creatures (collateral kills)
  A tentacled monstrosity (Vaults:5)
  3 titans
  A sphinx (Vaults:5)
  2 storm dragons (Vaults:5)
  2 tengu reavers
  2 frost giants (Vaults:5)
  A vault warden (Vaults:5)
  2 ironheart preservers
  A deep elf elementalist (Vaults:5)
  A stone giant (Vaults:5)
  A war gargoyle (Hell)
  2 vampire knights (Depths:4)
  A black draconian (Zot:1)
  2 vault guards
  A two-headed ogre (Orc:2)
  A spriggan air mage (Depths:4)
  An ogre mage (Depths:4)
  A vampire mage (Depths:4)
  A small abomination (Vaults:5)
  A large abomination (Vaults:5)
  An anaconda skeleton (Hell)
  A wizard (Depths:4)
  A necromancer (Hell)
  A kraken simulacrum (Hell)
  An ice statue (Hell)
  A dire elephant skeleton (Hell)
  A fire elemental (Hell)
  2 ogres (Orc:2)
  A snapping turtle zombie (Hell)
38 creatures vanquished.

Vanquished Creatures (others)
  A golden dragon (Depths:2)
  A storm dragon (Zot:1)
  An ironheart preserver (Vaults:4)
  A reaper (Hell)
  A deep elf knight (Elf:1)
  A harpy (Shoals:1)
  2 deep elf magi
  A tarantella (Spider:1)
  5 humans (Spider:3)
  A sky beast (shapeshifter) (Depths:3)
  An ogre (D:12)
  2 orc warriors
  2 slaves (D:8)
  A crimson imp (Depths:3)
  2 orc wizards
  A hound zombie (D:8)
  A quokka (D:8)
  A bush (Lair:4)
  A crawling corpse (Elf:3)
  28 fungi
  51 plants
  20 starspawn tentacles
  4 tentacles (Hell)
  A withered plant (Crypt:3)
131 creatures vanquished.

Grand Total: 3145 creatures vanquished

Notes
Turn   | Place    | Note
-------+----------+-------------------------------------------
     0 | D:1      | Balder the Hill Orc Fighter began the quest for the Orb.
     0 | D:1      | Reached XP level 1. HP: 19/19 MP: 1/1
   158 | D:1      | Reached XP level 2. HP: 25/27 MP: 2/2
   417 | D:1      | Reached XP level 3. HP: 20/33 MP: 3/3
   917 | D:2      | Found an opulent altar of Gozag.
   984 | D:2      | Reached XP level 4. HP: 40/40 MP: 4/4
  1149 | D:2      | Reached skill level 1 in Throwing
  1576 | D:3      | HP: 2/41 [something/magic dart (7)]
  1578 | D:3      | Reached XP level 5. HP: 3/47 MP: 5/5
  2343 | D:3      | Reached skill level 4 in Shields
  2398 | D:3      | Found a shimmering altar of Xom.
  2519 | D:3      | Reached skill level 5 in Axes
  3063 | D:4      | Reached skill level 1 in Dodging
  3103 | D:4      | Reached XP level 6. HP: 34/53 MP: 6/6
  3126 | D:4      | Noticed Natasha
  3223 | D:4      | Killed Natasha
  3446 | D:4      | Noticed a water moccasin
  3468 | D:4      | Killed a water moccasin
  3468 | D:4      | Reached XP level 7. HP: 28/60 MP: 7/7
  3960 | D:4      | Noticed Natasha
  3980 | D:4      | Killed Natasha
  4458 | D:4      | Noticed Natasha
  4465 | D:4      | Killed Natasha
  4577 | D:5      | Entered Level 5 of the Dungeon
  4581 | D:5      | Found a stormy altar of Qazlal.
  5033 | D:5      | Reached skill level 5 in Shields
  5208 | D:5      | Reached skill level 5 in Armour
  5208 | D:5      | Reached XP level 8. HP: 49/67 MP: 8/8
  5322 | D:5      | Reached skill level 5 in Fighting
  5768 | D:6      | Found Ickeidig's Jewellery Shop.
  6428 | D:6      | Found a staircase to the Ecumenical Temple.
  6438 | Temple   | Entered the Ecumenical Temple
  6635 | D:6      | Found a hide-covered altar of Uskayaw.
  6635 | D:6      | Found a shadowy altar of Dithmenos.
  6643 | D:6      | Found an iron altar of Okawaru.
  6646 | D:6      | Found a snail-covered altar of Cheibriados.
  6648 | D:6      | Found a faded altar of an unknown god.
  6655 | D:6      | Became a worshipper of Warmaster Okawaru
  7016 | D:7      | Reached skill level 1 in Invocations
  7063 | D:7      | Found a shimmering blue altar of Sif Muna.
  7181 | D:7      | Reached skill level 6 in Shields
  7435 | D:7      | Reached XP level 9. HP: 72/75 MP: 10/10
  7794 | D:8      | Reached * piety under Okawaru
  7967 | D:8      | Noticed Pikel
  8000 | D:8      | Killed Pikel
  8017 | D:8      | Found a basalt altar of Yredelemnul.
  8265 | D:8      | Found Gupoesysk's Jewellery Boutique.
  8317 | D:8      | Noticed Prince Ribbit
  8497 | D:8      | Found the +2 ratskin cloak {+Rats rPois rN+ Str-1 Int-1
                  | Dex+1}
  8605 | D:8      | Reached ** piety under Okawaru
  8605 | D:8      | Reached skill level 10 in Axes
  8605 | D:8      | Reached skill level 7 in Shields
  8708 | D:8      | Found a staircase to the Lair.
  8718 | Lair:1   | Entered Level 1 of the Lair of Beasts
  8745 | Lair:1   | Noticed a komodo dragon
  8765 | Lair:1   | Killed a komodo dragon
  9104 | Lair:1   | Reached XP level 10. HP: 46/84 MP: 12/12
  9381 | Lair:1   | Noticed a five-headed hydra
  9381 | Lair:1   | Noticed a spiny frog
  9414 | Lair:1   | Killed a five-headed hydra
  9414 | Lair:1   | Reached *** piety under Okawaru
  9421 | Lair:1   | HP: 2/84 [spiny frog (9)]
  9435 | Lair:1   | Killed a spiny frog
  9734 | Lair:1   | Noticed a seven-headed hydra
  9749 | Lair:1   | Killed a seven-headed hydra
  9749 | Lair:1   | Reached skill level 1 in Maces & Flails
  9749 | Lair:1   | Reached skill level 8 in Shields
 10000 | Lair:1   | Noticed a spiny frog
 10021 | Lair:1   | Killed a spiny frog
 10021 | Lair:1   | Reached **** piety under Okawaru
 10528 | Lair:2   | Noticed a spiny frog
 10546 | Lair:1   | Killed a spiny frog
 10546 | Lair:1   | Reached skill level 5 in Invocations
 10546 | Lair:1   | Reached XP level 11. HP: 58/92 MP: 14/14
 10819 | Lair:2   | Noticed an oklob plant
 10934 | Lair:2   | Received a gift from Okawaru
 10934 | Lair:2   | Reached skill level 9 in Shields
 11216 | Lair:2   | Reached ***** piety under Okawaru
 11306 | Lair:2   | Noticed a queen ant
 11333 | Lair:2   | Killed a queen ant
 11539 | Lair:2   | Received a gift from Okawaru
 12464 | Lair:3   | Reached skill level 5 in Dodging
 12473 | Lair:3   | Received a gift from Okawaru
 12473 | Lair:3   | Reached skill level 5 in Throwing
 12714 | Lair:3   | Found a hole to the Spider Nest.
 12804 | Lair:3   | Reached skill level 10 in Shields
 13052 | Lair:3   | Noticed Sonja
 13071 | Lair:3   | Reached XP level 12. HP: 95/102 MP: 16/16
 13108 | Lair:3   | Killed Sonja
 14023 | Lair:4   | Received a gift from Okawaru
 14047 | Lair:4   | Noticed Nergalle
 14074 | Lair:4   | Killed Nergalle
 14735 | Lair:4   | Noticed a seven-headed hydra
 14736 | Lair:4   | Noticed an eight-headed hydra
 14766 | Lair:4   | Killed a one-headed hydra
 14775 | Lair:4   | Killed a one-headed hydra
 14775 | Lair:4   | Reached ****** piety under Okawaru
 14775 | Lair:4   | Received a gift from Okawaru
 15403 | Lair:4   | Found a staircase to the Shoals.
 15952 | Lair:5   | Reached skill level 11 in Shields
 15957 | Lair:5   | Found a runed translucent door.
 15957 | Lair:5   | Found a viscous altar of Jiyva.
 16027 | Lair:5   | Found a staircase to the Slime Pits.
 16033 | Lair:5   | Noticed Josephine
 16049 | Lair:5   | Killed Josephine
 16049 | Lair:5   | Reached XP level 13. HP: 100/111 MP: 15/18
 17582 | Lair:6   | Entered Level 6 of the Lair of Beasts
 18041 | Lair:6   | Reached skill level 10 in Fighting
 18067 | Lair:6   | Received a gift from Okawaru
 19023 | Lair:6   | Reached skill level 15 in Axes
 19889 | Lair:6   | Reached XP level 14. HP: 119/122 MP: 20/20
 20131 | Lair:6   | Reached skill level 12 in Shields
 20488 | Lair:6   | Got a jewelled plate armour
 20499 | Lair:6   | Identified the +3 plate armour of the Sun {*Contam MP+9
                  | Dex+5} (You found it on level 6 of the Lair of Beasts)
 20976 | Lair:6   | Found a radiant altar of Vehumet.
 21008 | Lair:6   | Reached skill level 10 in Armour
 21590 | D:9      | Found Zoud's Armour Shoppe.
 21904 | D:9      | Received a gift from Okawaru
 21970 | D:9      | Gained mutation: You are weak. (Str -2) [mutagenic glow]
 22039 | D:9      | Found Loajeemp's Magic Scroll Shoppe.
 22042 | D:9      | Bought a scroll of enchant weapon for 105 gold pieces
 22219 | D:9      | Found Fitexam's Distillery.
 22230 | D:9      | Bought a potion of degeneration for 13 gold pieces
 22230 | D:9      | Bought 2 potions of curing for 78 gold pieces
 22471 | D:10     | Entered Level 10 of the Dungeon
 22778 | D:10     | Noticed Urug
 22807 | D:10     | Killed Urug
 22885 | D:10     | Found a shimmering blue altar of Sif Muna.
 23896 | D:11     | Reached skill level 1 in Evocations
 24051 | D:11     | Noticed Maurice
 24067 | D:11     | Killed Maurice
 24388 | D:11     | Found a portal to a secret trove of treasure.
 24894 | D:12     | Found a staircase to the Orcish Mines.
 24915 | D:12     | Got a crude hand crossbow
 24917 | D:12     | Identified the +10 hand crossbow of the Dripping Sybil
                  | {elec, +Fly Int+3} (You found it on level 12 of the
                  | Dungeon)
 25282 | D:12     | Gained mutation: You are very weak. (Str -4) [mutagenic
                  | glow]
 25287 | Orc:1    | Entered Level 1 of the Orcish Mines
 25331 | Orc:1    | Found a roughly hewn altar of Beogh.
 25376 | Orc:1    | Received a gift from Okawaru
 25615 | Orc:1    | Received a gift from Okawaru
 26078 | Orc:2    | Entered Level 2 of the Orcish Mines
 26158 | Orc:2    | Reached skill level 13 in Shields
 26661 | Orc:2    | Found a roughly hewn altar of Beogh.
 26699 | Orc:2    | Received a gift from Okawaru
 26708 | Orc:2    | Reached XP level 15. HP: 110/132 MP: 19/22
 26758 | Orc:2    | Lost mutation: You are very weak. (Str -4) [potion of
                  | mutation]
 26758 | Orc:2    | Lost mutation: You are weak. (Str -2) [potion of mutation]
 26758 | Orc:2    | Gained mutation: Your body sometimes deteriorates upon
                  | taking damage. [potion of mutation]
 26758 | Orc:2    | Lost mutation: Your body sometimes deteriorates upon taking
                  | damage. [potion of mutation]
 26758 | Orc:2    | Gained mutation: Your flesh is cold resistant. (rC+)
                  | [potion of mutation]
 26990 | Orc:2    | Found Woreejec's General Store.
 27042 | Orc:2    | Found Otoi's Weapon Shop.
 27194 | Orc:2    | Reached skill level 10 in Invocations
 27601 | Orc:2    | Found a staircase to the Elven Halls.
 28061 | Orc:2    | Found Vycuw's Book Shop.
 28088 | Orc:2    | Noticed an orc warlord
 28119 | Orc:2    | Killed an orc warlord
 28119 | Orc:2    | Received a gift from Okawaru
 28132 | Orc:2    | Noticed Azrael
 28163 | Orc:2    | Killed Azrael
 28181 | Orc:2    | Received a gift from Okawaru
 28538 | Orc:2    | Found a roughly hewn altar of Beogh.
 28652 | Orc:2    | Found Teobyggu's Jewellery Shoppe.
 29274 | D:8      | Killed Prince Ribbit
 29775 | D:13     | Received a gift from Okawaru
 29792 | D:13     | Got a brightly glowing helmet {god gift}
 29803 | D:13     | Identified the +2 helmet of the Chupacabra {Regen+ rCorr}
                  | (Okawaru gifted it to you on level 13 of the Dungeon)
 30474 | D:14     | Reached skill level 14 in Shields
 30476 | D:14     | Found a gate to the Vaults.
 30716 | D:14     | Identified a scroll of acquirement
 30716 | D:14     | Acquired 820 gold pieces
 30926 | D:14     | Found a blossoming altar of Fedhas.
 31211 | D:14     | Found Daicecw's Antique Armour Boutique.
 31764 | D:6      | Bought the ring of Phasing {EV+8} for 1664 gold pieces
 31764 | D:6      | Found the ring of Phasing {EV+8}
 31971 | Shoals:1 | Entered Level 1 of the Shoals
 31971 | Shoals:1 | Noticed Nikola
 31996 | Shoals:1 | Killed Nikola
 31996 | Shoals:1 | Reached XP level 16. HP: 114/143 MP: 24/24
 32071 | Shoals:1 | Noticed Aizul
 32103 | Shoals:1 | Killed Aizul
 32103 | Shoals:1 | Received a gift from Okawaru
 32115 | Shoals:1 | Received a gift from Okawaru
 32270 | Shoals:1 | Received a gift from Okawaru
 32547 | Shoals:4 | Entered Level 4 of the Shoals
 32605 | Shoals:4 | Reached skill level 5 in Evocations
 32870 | Shoals:4 | Reached skill level 15 in Shields
 32926 | Shoals:4 | Got a barnacled rune of Zot
 33186 | Shoals:4 | Found a frozen archway.
 33192 | Shoals:4 | Received a gift from Okawaru
 33218 | IceCv    | Entered an ice cave
 33900 | IceCv    | Noticed an Ice Fiend
 33936 | IceCv    | Killed an Ice Fiend
 34128 | IceCv    | Got a pair of glimmering boots
 34139 | IceCv    | Identified the +1 pair of boots "Difiod" {rElec} (You found
                  | it in an ice cave)
 34475 | Shoals:4 | Reached XP level 17. HP: 141/152 MP: 25/25
 34835 | Shoals:3 | Received a gift from Okawaru
 34857 | Shoals:3 | Got a smouldering plate armour {god gift}
 34876 | Shoals:3 | Identified the +5 plate armour of the Doldrums {rF+ rCorr}
                  | (Okawaru gifted it to you on level 3 of the Shoals)
 34977 | Shoals:3 | Reached skill level 16 in Shields
 36049 | Shoals:1 | Noticed Frances
 36076 | Shoals:1 | Killed Frances
 36244 | Shoals:1 | Received a gift from Okawaru
 36403 | Spider:1 | Entered Level 1 of the Spider Nest
 36643 | Lair:3   | Reached skill level 15 in Fighting
 36753 | Spider:1 | Reached XP level 18. HP: 163/163 MP: 27/27
 36818 | Spider:1 | Reached skill level 17 in Shields
 36889 | Spider:1 | Got an encrusted lajatang
 36891 | Spider:1 | Identified the +7 lajatang "Esushu Soci" {antimagic, Str-4
                  | Dex+5} (You found it on level 1 of the Spider Nest)
 37027 | Spider:1 | Identified the Disquisition on Hurtful Stolen Souls
 37455 | Spider:3 | Noticed Arachne
 37497 | Spider:3 | Killed Arachne
 38245 | Elf:1    | Entered Level 1 of the Elven Halls
 38510 | Elf:1    | Reached skill level 1 in Polearms
 38516 | Elf:1    | Reached skill level 10 in Throwing
 38593 | Elf:1    | Identified the Almanac of Destiny
 38817 | Elf:1    | Noticed Jorgrun
 38859 | Elf:1    | Killed Jorgrun
 38885 | Elf:1    | Received a gift from Okawaru
 38907 | Elf:1    | Got a steaming hand axe {god gift}
 38909 | Elf:1    | Identified the +5 hand axe "ETAOIN SHRDLU" {vorpal, rPois
                  | rC+ rN+ MR+} (Okawaru gifted it to you on level 1 of the
                  | Elven Halls)
 39462 | Elf:2    | Found an ancient bone altar of Kikubaaqudgha.
 39683 | Elf:2    | Found a runed translucent gate.
 39684 | Elf:2    | Found a runed translucent gate.
 39685 | Elf:2    | Found a runed translucent gate.
 40331 | Elf:2    | Noticed a deep elf blademaster
 40351 | Elf:2    | Killed a deep elf blademaster
 40352 | Elf:2    | Received a gift from Okawaru
 40464 | Elf:2    | Received a gift from Okawaru
 40477 | Elf:2    | Got a pitted hat {god gift}
 40489 | Elf:2    | Identified the +0 hat of Agoraphobia {rC++ Str+6} (Okawaru
                  | gifted it to you on level 2 of the Elven Halls)
 40731 | Elf:2    | Reached XP level 19. HP: 172/172 MP: 28/28
 41030 | Elf:2    | Found a gateway to a bazaar.
 41037 | Bazaar   | Entered a bazaar
 41050 | Bazaar   | Found Heigot's Antique Armour Emporium.
 41050 | Bazaar   | Found Nuifong's Book Emporium.
 41091 | Bazaar   | Found Jiaciwidd's Gadget Shoppe.
 41091 | Bazaar   | Found Honimygu's Gadget Shoppe.
 41124 | Bazaar   | Bought a phantom mirror for 330 gold pieces
 41154 | Bazaar   | Bought a runed scarf for 216 gold pieces
 41254 | Elf:3    | Entered Level 3 of the Elven Halls
 41254 | Elf:3    | Found Juowy's Elven Fire.
 41800 | Elf:3    | Reached skill level 18 in Shields
 42084 | Elf:3    | Got a polished scale mail
 42095 | Elf:3    | Identified the cursed +0 scale mail "Trusted Companion"
                  | {*Slow Int+2 Slay+3 SInv} (You found it on level 3 of the
                  | Elven Halls)
 42168 | Elf:3    | Got a bloodstained lajatang
 42174 | Elf:3    | Identified the +7 lajatang "Utyunelu" {flame, rF++} (You
                  | found it on level 3 of the Elven Halls)
 42233 | Elf:3    | Received a gift from Okawaru
 42280 | Elf:3    | Identified the cursed ring "Etemitt" {rF+ AC-4 Dex+3}
 42304 | Elf:3    | Noticed a Hell Sentinel
 42793 | D:15     | Entered Level 15 of the Dungeon
 43222 | D:15     | Found a white marble altar of Elyvilon.
 43441 | D:15     | Received a gift from Okawaru
 43457 | D:15     | Found a staircase to the Depths.
 44240 | Temple   | Fell from the grace of Okawaru
 44240 | Temple   | Became a worshipper of the Shining One
 46456 | Elf:3    | Noticed a Hell Sentinel
 46457 | Elf:3    | Noticed a Tzitzimitl
 46507 | Elf:3    | Identified the Collected Works on Twisted Shape Shifting
 47892 | Spider:2 | Got an ichor-stained rapier
 47893 | Spider:2 | Identified the +7 rapier of Girchoump {vorpal, rPois rF+
                  | rC++ Str-5} (You found it on level 2 of the Spider Nest)
 48362 | Spider:2 | Reached skill level 10 in Dodging
 48908 | Spider:3 | Noticed Kirke
 48925 | Spider:3 | Killed Kirke
 48952 | Spider:3 | Reached XP level 20. HP: 182/182 MP: 30/30
 49138 | Spider:3 | Reached * piety under the Shining One
 49439 | Spider:3 | Reached skill level 19 in Shields
 49900 | Spider:4 | Entered Level 4 of the Spider Nest
 51168 | Spider:4 | Reached ** piety under the Shining One
 51524 | Spider:4 | Got a gossamer rune of Zot
 52267 | Vaults:1 | Entered Level 1 of the Vaults
 52996 | Vaults:1 | HP: 5/184 [minotaur[the fury of Okawaru] (10)]
 53480 | Depths:1 | Entered Level 1 of the Depths
 54202 | Elf:3    | Cast into level 3 of the Abyss (a deep elf demonologist)
 54221 | Abyss:4  | Gained mutation: Your body sometimes deteriorates upon
                  | taking damage. [a neqoxec]
 54225 | Abyss:4  | Gained mutation: You are frail. (-10% HP) [a neqoxec]
 54232 | Abyss:4  | Gained mutation: You are occasionally teleported next to
                  | monsters. [a neqoxec]
 54240 | Abyss:4  | Gained mutation: You are clumsy. (Dex -2) [a neqoxec]
 54243 | Abyss:4  | Gained mutation: You are very clumsy. (Dex -4) [a neqoxec]
 54245 | Abyss:4  | Gained mutation: You are weak. (Str -2) [a neqoxec]
 54320 | Abyss:4  | Reached *** piety under the Shining One
 54419 | Abyss:4  | Noticed a profane servitor
 54489 | Abyss:4  | Killed a profane servitor
 54489 | Abyss:4  | Reached XP level 21. HP: 123/171 MP: 10/32
 54496 | Elf:3    | Escaped the Abyss
 54925 | Elf:3    | Identified the Volume of Supportive Poisoning
 54966 | Elf:3    | Got an ichor-stained spear
 54967 | Elf:3    | Identified the +5 spear of Attainder {protect, rC+ Str+3
                  | Int+2} (You found it on level 3 of the Elven Halls)
 56214 | Vaults:1 | Reached **** piety under the Shining One
 56342 | Vaults:1 | Identified the cursed +3 rapier "Lumn" {drain, rC++ Str+3
                  | Dex-2 SInv}
 56427 | Vaults:1 | Was forgiven by Okawaru
 57723 | Vaults:2 | Noticed Margery
 57761 | Vaults:2 | Killed Margery
 57825 | Vaults:2 | Reached skill level 20 in Shields
 57912 | Vaults:2 | Reached skill level 15 in Invocations
 58051 | Vaults:2 | Found a hide-covered altar of Uskayaw.
 58142 | Vaults:2 | Reached ***** piety under the Shining One
 58211 | Vaults:2 | Noticed Frederick
 58225 | Vaults:2 | Killed Frederick
 58372 | Vaults:2 | Found Vab Zuiviwn's Gadget Shoppe.
 58714 | Vaults:2 | Acquired a +0 kite shield of positive energy
 58927 | Vaults:2 | Reached XP level 22. HP: 67/181 MP: 33/33
 59386 | Vaults:2 | Found Kaade's Antique Weapon Shoppe.
 59653 | Vaults:2 | Reached skill level 5 in Polearms
 60044 | Vaults:3 | Found Puyd Uxkuzuh's Weapon Emporium.
 60371 | Vaults:3 | Got a steaming broad axe
 60372 | Vaults:3 | Identified the +6 broad axe of Iruda {elec, Dex+2} (You
                  | found it on level 3 of the Vaults)
 60602 | Vaults:3 | Found a white marble altar of Elyvilon.
 60602 | Vaults:3 | Found a glowing golden altar of the Shining One.
 60604 | Vaults:3 | Found a glowing silver altar of Zin.
 60669 | Vaults:3 | Noticed Donald
 60683 | Vaults:3 | Killed Donald
 60824 | Vaults:3 | Reached ****** piety under the Shining One
 60876 | Vaults:3 | Found a staircase to the Crypt.
 61199 | Vaults:3 | Identified a +8 trishula of holy wrath (a +6 demon trident
                  | of electrocution blessed by the Shining One)
 61199 | Vaults:3 | Received a gift from the Shining One
 61228 | Vaults:3 | Found Muekemiwua's Armour Boutique.
 61305 | Vaults:3 | Found Eczoutt's Armour Boutique.
 61314 | Vaults:3 | Found Fiorch's Magic Scroll Boutique.
 61319 | Vaults:3 | Bought the +2 pair of gloves of Bizihal {Regen+} for 430
                  | gold pieces
 61364 | Vaults:3 | Bought a scroll of enchant armour for 135 gold pieces
 61364 | Vaults:3 | Bought a scroll of magic mapping for 63 gold pieces
 61666 | Vaults:3 | Identified the +1 robe "Supnoigo" {Harm rN+ Dex-3}
 61728 | Vaults:3 | Found a radiant altar of Vehumet.
 61898 | Vaults:4 | Identified the Compendium of Bewitchment and Aid
 62239 | Vaults:4 | Noticed Bai Suzhen
 62284 | Vaults:4 | Killed Bai Suzhen
 62308 | Vaults:4 | Noticed Saint Roka
 62340 | Vaults:4 | Killed Saint Roka
 62340 | Vaults:4 | Reached XP level 23. HP: 95/189 MP: 14/34
 62649 | Vaults:4 | Reached skill level 21 in Shields
 63726 | Vaults:4 | Reached skill level 15 in Armour
 64213 | Vaults:4 | Upgraded the game from 0.25.0-46-gbd7b085 to
                  | 0.25.0-63-gabc293c
 64897 | Depths:1 | Found a large runed translucent door.
 64897 | Depths:1 | Found a large runed translucent door.
 64901 | Depths:1 | Noticed Enimeaba's ghost (veteran FoFi)
 64949 | Depths:1 | Found a gateway to a ziggurat.
 65023 | Depths:1 | Found a gateway to Hell.
 65696 | Depths:2 | Lost mutation: You are very clumsy. (Dex -4) [potion of
                  | mutation]
 65696 | Depths:2 | Lost mutation: Your body sometimes deteriorates upon taking
                  | damage. [potion of mutation]
 65696 | Depths:2 | Gained mutation: You are partially covered in slimy green
                  | scales. (AC +2) [potion of mutation]
 65697 | Depths:2 | Lost mutation: You are frail. (-10% HP) [potion of
                  | mutation]
 65697 | Depths:2 | Lost mutation: You are weak. (Str -2) [potion of mutation]
 65697 | Depths:2 | Lost mutation: You are partially covered in slimy green
                  | scales. (AC +2) [potion of mutation]
 65697 | Depths:2 | Gained mutation: You tend to lose your temper in combat.
                  | [potion of mutation]
 65697 | Depths:2 | Lost mutation: You tend to lose your temper in combat.
                  | [potion of mutation]
 65697 | Depths:2 | Gained mutation: You are somewhat resistant to further
                  | mutation. [potion of mutation]
 65698 | Depths:2 | Lost mutation: You are clumsy. (Dex -2) [potion of
                  | mutation]
 65698 | Depths:2 | Gained mutation: Your muscles are strong. (Str +2) [potion
                  | of mutation]
 65750 | Depths:2 | Found a one-way gate to the infinite horrors of the Abyss.
 66345 | Depths:2 | You are sucked into a shaft and drop 2 floors!
 66345 | Depths:4 | Found a corrupted altar of Lugonu.
 66414 | Depths:4 | Found Gozag's Antique Armour Shoppe.
 66469 | Depths:4 | Noticed a golden dragon
 66474 | Depths:4 | Found an opulent altar of Gozag.
 66476 | Depths:4 | Found Gozag's Assorted Antiques.
 66537 | Depths:4 | Found Gozag's Assorted Antiques.
 66750 | Depths:4 | Reached XP level 24. HP: 209/221 MP: 35/35
 66893 | Depths:4 | Noticed an ancient lich
 66912 | Depths:4 | Paralysed by an ancient lich for 6 turns
 66959 | Depths:4 | Identified the Disquisition on Destructive Feathers
 67025 | Depths:4 | Killed an ancient lich
 67149 | Depths:5 | Entered Level 5 of the Depths
 67520 | Depths:5 | Noticed a caustic shrike
 67523 | Depths:5 | a caustic shrike changed into an iron giant
 67647 | Depths:5 | Noticed a caustic shrike
 67647 | Depths:5 | a golden dragon changed into a caustic shrike
 67652 | Depths:5 | a caustic shrike changed into a shadow dragon
 67683 | Depths:5 | Reached skill level 22 in Shields
 67840 | Depths:5 | Found an iron altar of Okawaru.
 68080 | Depths:5 | Found a gate to the Realm of Zot.
 69021 | Depths:3 | Found a one-way gate leading to the halls of Pandemonium.
 69030 | Depths:3 | Lost mutation: Your muscles are strong. (Str +2) [a
                  | neqoxec]
 69322 | Depths:3 | Found a shadowy altar of Dithmenos.
 69324 | Depths:3 | Found the +2 hood of the Assassin {Detection Stab+ Stlth++}
 69405 | Depths:3 | Got a slimy lapis lazuli ring
 69411 | Depths:3 | Identified the ring of the Ageless Olives {+Blink Stlth+}
                  | (You found it on level 3 of the Depths)
 69569 | Depths:3 | Reached XP level 25. HP: 232/232 MP: 35/35
 71348 | Crypt:1  | Entered Level 1 of the Crypt
 71488 | Crypt:1  | Noticed Xtahua
 71503 | Crypt:1  | Killed Xtahua
 74047 | Crypt:3  | Entered Level 3 of the Crypt
 74764 | Crypt:3  | Found a staircase to the Tomb.
 74780 | Crypt:3  | Found an ancient bone altar of Kikubaaqudgha.
 75171 | Crypt:3  | Reached XP level 26. HP: 174/241 MP: 35/35
 75566 | Crypt:3  | Identified Ojotz's Grimoire of Sinister Magic
 75666 | Crypt:3  | Noticed an ancient lich
 75667 | Crypt:3  | Found the +3 sling "Punk" {acid, rCorr}
 75689 | Crypt:3  | Killed an ancient lich
 75689 | Crypt:3  | Reached skill level 23 in Shields
 75708 | Crypt:3  | Identified the Disquisition on Spatial Flight
 75755 | Crypt:3  | Got a dazzling plate armour
 75756 | Crypt:3  | Identified the +5 plate armour of Ycesop {rElec rCorr Int-3
                  | Stlth+} (You found it on level 3 of the Crypt)
 75765 | Crypt:3  | Got a crude ruby amulet
 75767 | Crypt:3  | Identified the amulet of Egalitarianism {+Inv Regen+ Int+3}
                  | (You found it on level 3 of the Crypt)
 76788 | Hell     | Entered the Vestibule of Hell
 76788 | Hell     | Noticed Geryon
 76981 | Depths:1 | Upgraded the game from 0.25.0-63-gabc293c to
                  | 0.25.1-1-g288607f
 77171 | Hell     | Killed Geryon
 77329 | Hell     | Found a gateway to the decaying netherworld of Tartarus.
 77462 | Hell     | Found a gateway to the freezing wastes of Cocytus.
 77533 | Hell     | Found a gateway to the Iron City of Dis.
 77602 | Hell     | Found a gateway to the ashen valley of Gehenna.
 78269 | Depths:1 | Killed Enimeaba's ghost
 78918 | Depths:2 | Voluntarily entered the Abyss.
 79683 | Abyss:1  | Found a hazy altar of Hepliaklqana.
 79738 | Abyss:1  | Reached skill level 15 in Throwing
 79752 | Abyss:1  | Found a hazy altar of Hepliaklqana.
 79795 | Abyss:1  | Reached skill level 10 in Polearms
 79921 | Depths:2 | Escaped the Abyss
 80553 | Vaults:3 | Bought a scroll of magic mapping for 63 gold pieces
 80605 | Vaults:5 | Entered Level 5 of the Vaults
 80629 | Vaults:5 | Reached XP level 27. HP: 250/250 MP: 36/36
 80732 | Vaults:5 | Gained mutation: You are clumsy. (Dex -2) [a neqoxec]
 80965 | Vaults:5 | Identified the Incunabulum of Shifting Feathers
 81717 | Vaults:5 | Identified Tita's Disquisition on Stolen Souls
 81735 | Vaults:5 | Found the +4 Cigotuvi's embrace {rRot *Drain rN+}
 82136 | Vaults:5 | Got a silver rune of Zot
 82413 | Vaults:4 | Upgraded the game from 0.25.1-1-g288607f to
                  | 0.25.1-2-g60ff931
 83060 | Dis:1    | Entered Level 1 of the Iron City of Dis
 84019 | Zot:1    | Entered Level 1 of the Realm of Zot
 84808 | Zot:1    | Reached skill level 1 in Slings
 85298 | Zot:1    | Reached skill level 24 in Shields
 85464 | Zot:2    | Noticed an orb of fire
 85477 | Zot:2    | Killed an orb of fire
 85872 | Zot:2    | Found a runed translucent gate.
 85872 | Zot:2    | Found a runed translucent gate.
 85872 | Zot:2    | Found a runed translucent gate.
 85875 | Zot:2    | Noticed Icycared's ghost (master GrFi)
 85875 | Zot:2    | Noticed runemage's ghost (legendary GnFi)
 85876 | Zot:2    | Noticed Byngij's ghost (master GrFi)
 85876 | Zot:2    | Noticed Giutenur's ghost (legendary VSMo)
 85925 | Zot:2    | Reached skill level 5 in Maces & Flails
 88699 | Zot:5    | Entered Level 5 of the Realm of Zot
 88925 | Zot:5    | Noticed an orb of fire
 88927 | Zot:5    | Gained mutation: Your body sometimes deteriorates upon
                  | taking damage. [an orb of fire]
 88933 | Zot:5    | Noticed an ancient lich
 88933 | Zot:5    | Annihilated by an Orb Guardian

Illustrated notes

Levels and vault maps discovered:
D:1:      ebering_trefoil_3fold, layout_rooms
D:2:      layout_loops_ring, grunt_gozag_statues
D:3:      layout_loops_ring, xom_teletrap_fun, first_ration
D:4:      minmay_evil_eye, layout_layer_cave, uniq_natasha
D:5:      layout_basic, nicolae_qazlal_general_emergency
D:6:      layout_loops_ring, chequers_temple_overflow_minitemple,
          minmay_temple_entry_poolview, serial_shops, nicolae_shop_crystal,
          minmay_misc_feat_more_columns, st_stairs_4
D:7:      layout_loops_ring, nicolae_overflow_crystal_walls
D:8:      wander_guarded_unrand_ratskin, layout_loops_ring, old_standard_altar,
          lair_entry_dummy, serial_shops, shop, uniq_prince_ribbit1, uniq_pikel
D:9:      layout_gridville, serial_shops, kennysheep_mini_moat, shop,
          nicolae_shop_statue_plus, grunt_livestock
D:10:     layout_rooms, lemuel_blue_sif_altar, uniq_urug
D:11:     layout_cross, nicolae_trove_entry_crossroad, uniq_maurice
D:12:     minmay_stone_box, layout_cave_pools, orc_0_dummy
D:13:     layout_loops_cross, serial_rivers, chequers_serial_rivers_marsh,
          chequers_serial_rivers_large_a, chequers_serial_rivers_small_b,
          chequers_serial_rivers_room_a, kennysheep_donut
D:14:     layout_stronghold, david_vaults_5, serial_co_window_serial,
          co_window_paths_b, co_window_corner_a, co_window_paths_a,
          co_window_paths_a, co_window_cross_1, co_window_corner_a,
          co_window_of_opportunity_a, co_window_paths_a, co_window_paths_b,
          co_window_broadway_c, co_window_corner_b, co_window_paths_c,
          co_window_unsneaky_path_e, glass_columns_b, glass_columns_b,
          glass_columns_a, glass_columns_b, glass_columns_c, serial_shops, shop,
          fedhas_altar_fruit_tree
D:15:     grunt_enter_depths_magical_seal, layout_loops_cross,
          dk_noncrumbling_4, elyvilon_altar_4
Temple:   dshaligram_water_room_temple
Lair:1:   layout_long_grid, nicolae_volcano_entry_s_turn, serial_bayou_shore_b,
          grunt_megastairs_5
Lair:2:   layout_regular_city, st_stairs_3, minmay_another_anthill,
          minmay_lair_oklob_chamber
Lair:3:   layout_chaotic_city, spider_nest_entry_funnel_web, uniq_sonja
Lair:4:   layout_regular_city, elwin_shoals_entry_rocks, pond, uniq_nergalle
Lair:5:   layout_cave_pods, slime_altar_2, nzn_random_ring, uniq_josephine
Lair:6:   minmay_lair_end_frog_pond, layout_layer_cave, lemuel_centaur_altar,
          lemuel_fruit_tree
Shoals:1: layout_shoals, uniq_frances, uniq_nikola, uniq_aizul
Shoals:2: cheibrodos_shoals_epimethial_gifts, layout_shoals
Shoals:3: layout_shoals
Shoals:4: shoals_end_simple, layout_shoals, portal_ice_cave_entry_pillars_three
Spider:1: layout_spider_delve
Spider:2: layout_spider_delve
Spider:3: layout_spider_delve, uniq_kirke, uniq_arachne
Spider:4: johnstein_spider_rune_arachne_lair
Orc:1:    layout_diamond_mine, mines2_david
Orc:2:    pubby_orc_utopia, uniq_azrael
Elf:1:    layout_loops_cross, minmay_elf_necromancy, uniq_jorgrun
Elf:2:    layout_onion_city, mu_enter_wizlab_3, serial_shops, bzr_entry_safe,
          basic_altar
Elf:3:    minmay_elf_hall, layout_geoelf_octagon, guppyfry_elf_lava
Vaults:1: v_misc_13, grunt_vaults_funnel, hangedman_vaults_capsules,
          grunt_vaults_diagonal, ontoclasm_vaults_hangar,
          nicolae_vaults_circle_grid_a, nicolae_vaults_little_squares_5,
          v_misc_3, ontoclasm_vaults_spin, vaults_room_door_hall,
          ontoclasm_vaults_chip, nicolae_vaults_little_squares_6, v_misc_24,
          layout_vaults_omnicross
Vaults:2: vaults_room_corners, v_misc_27, nicolae_vaults_big_angled_halls,
          grunt_vaults_swirl, hangedman_vaults_snaps,
          nicolae_vaults_branching_niches, vaults_mumra_hex,
          nicolae_vaults_theta, ontoclasm_vaults_chip,
          layout_vaults_chaotic_city, basic_altar, serial_shops,
          nicolae_shop_stone, nicolae_shop_overgrown_old_shop, uniq_margery,
          uniq_frederick
Vaults:3: nicolae_vaults_little_squares_6, vaults_dpeg_cross,
          nicolae_vaults_little_squares_5, hangedman_vaults_hat,
          vaults_room_pools, nicolae_vaults_puzzle_piece, grunt_tower_of_power,
          nicolae_vaults_alarming, v_misc_25, v_misc_12,
          nicolae_vaults_what_the_h, minmay_crypt_entry_simple_round,
          vaults_dpeg_ring, dpeg_vaults_monster_box,
          nicolae_vaults_shelves_hall, layout_vaults_maze_bifur,
          portal_desolation_entry_holy_temple, serial_shops, shop,
          nicolae_shop_statue_plus, shop, nicolae_shop_stone, uniq_donald
Vaults:4: v_rooms_1, vaults_room_fours, v_misc_18, nicolae_vaults_network_star,
          v_misc_30, hangedman_vaults_trim, nicolae_vaults_quartermaster,
          layout_vaults_omnigrid, uniq_bai_suzhen, uniq_saint_roka
Vaults:5
Crypt:1:  layout_chaotic_city, uniq_xtahua
Crypt:2:  layout_chaotic_city, grunt_megastairs_2
Crypt:3:  evilmike_haunted_forest
Depths:1: layout_cave_pools, enter_ziggurat_c, nrook_campfire,
          ebering_ghost_disaster_area, grunt_mini_vestibule, st_stairs_12,
          feat_on_display
Depths:2: minmay_the_grid_octo_tiled_squarecenter [minmay_the_grid_octo_empty,
          minmay_the_grid_octo_fan_narrow, minmay_the_grid_octo_77,
          minmay_the_grid_octo_toaster,
          minmay_the_grid_square_5x5_megaprize_hollow,
          minmay_the_grid_square_5x5_checkered_statues,
          minmay_the_grid_square_5x5_checkered,
          minmay_the_grid_square_5x5_forky,
          minmay_the_grid_square_5x5_broken_cross], layout_basic,
          abyss_entry_small_statue_room, nrook_mini_backslash,
          pf_hell_entry_tar_river, serial_bayou_shore_b
Depths:3: regret_index_dithmenos_brocken_genspenst, layout_basic,
          grunt_pan_entry_spiral, kennysheep_pointless_box,
          hangedman_coc_ice_floe
Depths:4: kennysheep_gozag_temple, layout_cave_pools, special_room
          [special_room_magic_class], abyss_entry_flame_altar, hell_entry
Depths:5: evilmike_zot_entry_round, layout_cave_pools,
          chequers_serial_rivers_large_b, hell_entry, serial_column_ruins,
          column_ruins_portal_astroid, column_ruins_hut,
          column_ruins_temple_circle, column_ruins_corridor_T,
          column_ruins_columns_straight, column_ruins_corridor_straight,
          column_ruins_open_small_water, column_ruins_corridor_dead_end,
          bh_walls_and_bars
Hell
Dis:1:    layout_subdivisions
Zot:1:    kennysheep_spiral_hall, layout_basic
Zot:2:    layout_gridville, gammafunk_ghost_cemetery
Zot:3:    layout_onion
Zot:4:    nicolae_zot_stationary_front, layout_basic, zot_minivault_7
Zot:5:    layout_cellular_growth

Skill      XL: |  1  2  3  4  5  6  7  8  9 10 11 12 13 14 15 16 17 18 19 20 21 22 23 24 25 26 27 |
---------------+----------------------------------------------------------------------------------+-----
Axes           | 3 4 5 6 7 8 10 11 12 14 15 16 17 18 19 20 21 23 | 23.5
Fighting       | 4 5 6 7 8 9 10 11 13 14 15 16 17 18 19 20 21 23 | 23.4
Throwing       | 1 2 3 4 5 6 7 8 9 10 11 12 13 14 15 16 | 16.4
Shields        | 4 5 6 7 8 10 11 13 14 15 16 17 18 19 20 21 22 23 24 | 24.4
Dodging        | 1 2 3 4 5 6 7 8 9 10 11 12 13 14 | 14.2
Armour         | 4 5 6 7 8 9 10 11 12 13 14 15 16 18 | 18.1
Invocations    | 1 3 5 6 7 8 9 10 11 12 13 14 15 16 17 18 20 | 20.0
Maces & Flails | 2 3 4 5 |  5.7
Evocations     | 2 4 5 6 |  6.9
Polearms       | 2 3 4 5 6 8 10 12 | 12.9
Slings         | 2 |  2.4
Short Blades   | |  0.7

Action                   |  1- 3 |  4- 6 |  7- 9 | 10-12 | 13-15 | 16-18 | 19-21 | 22-24 | 25-27 || total
-------------------------+-------+-------+-------+-------+-------+-------+-------+-------+-------++-------
Melee: War axe           |    99 |   290 |   500 |   819 |  1910 |  1561 |  1346 |    60 |       ||  6585
       Whip              |       |       |       |    43 |    19 |       |       |       |       ||    62
       Dagger            |       |       |       |    25 |       |       |       |       |       ||    25
       Hand axe          |       |       |       |    21 |    37 |    52 |   236 |       |    13 ||   359
       Demon trident     |       |       |       |       |       |   118 |    44 |       |       ||   162
       Trident           |       |       |       |       |       |       |   281 |   157 |       ||   438
       Eveningstar       |       |       |       |       |       |       |   146 |    32 |   109 ||   287
       Broad axe         |       |       |       |       |       |       |   151 |  1127 |  1391 ||  2669
       Spear             |       |       |       |       |       |       |    46 |       |       ||    46
       Trishula          |       |       |       |       |       |       |       |    93 |   901 ||   994
 Fire: Fustibalus        |       |       |       |       |       |       |       |       |    73 ||    73
Throw: Boomerang         |       |       |    19 |    69 |   250 |   184 |   446 |   240 |   304 ||  1512
       Javelin           |       |       |       |       |       |       |     7 |       |       ||     7
Invok: Heroism           |       |       |     2 |    11 |    18 |    17 |     5 |       |       ||    53
       Finesse           |       |       |       |       |     1 |     3 |     1 |       |       ||     5
       Divine Shield     |       |       |       |       |       |       |     5 |     5 |     8 ||    18
       Summon Divine War |       |       |       |       |       |       |     1 |     1 |     4 ||     6
       Brand Weapon With |       |       |       |       |       |       |       |     1 |       ||     1
       Cleansing Flame   |       |       |       |       |       |       |       |       |     2 ||     2
Evoke: Wand              |       |       |     4 |     2 |     7 |    10 |    20 |     5 |     4 ||    52
       Lightning rod     |       |       |       |       |       |       |     5 |       |       ||     5
       Box of beasts     |       |       |       |       |       |       |       |     1 |       ||     1
  Use: Scroll            |       |     5 |     5 |    12 |    18 |    10 |    23 |    10 |    20 ||   103
       Potion            |       |     2 |       |     6 |     7 |     6 |    13 |     5 |     4 ||    43
 Stab: Distracted        |       |       |       |       |       |       |     1 |       |       ||     1
  Eat: Chunk             |       |     9 |     8 |    15 |    30 |     4 |    14 |    16 |    19 ||   115
       Ration            |       |       |     4 |     2 |     8 |     7 |    15 |     5 |    14 ||    55
Armor: Scale mail        |    55 |     4 |       |       |       |       |       |       |       ||    59
       Plate armour      |       |   125 |   143 |   469 |   343 |       |       |       |       ||  1080
       Gold dragon scale |       |       |       |       |   214 |   649 |   826 |   448 |   754 ||  2891
       Skin              |       |       |       |       |    11 |       |     5 |       |       ||    16
Dodge: Dodged            |    33 |    34 |    48 |   183 |   282 |   810 |   874 |   499 |  1005 ||  3768
Block: Kite shield       |    74 |   183 |   319 |   682 |  1193 |  1782 |  2438 |  1364 |  2656 || 10691
       Reflection        |       |     1 |    10 |     3 |    51 |    93 |   191 |   135 |    49 ||   533
